 Dungeon Crawl Stone Soup version 0.23.2 (webtiles) character file.

Game seed: 13080101135679849881

53 CedricTheThird the Chopper (level 3, -1/35 HPs)
             Began as a Gnoll Berserker on Apr 2, 2019.
             Was a Believer of Trog.
             Slain by a worm (3 damage)
             ... on level 2 of the Dungeon.
             The game lasted 00:02:28 (483 turns).

CedricTheThird the Chopper (Gnoll Berserker)         Turns: 483, Time: 00:02:29

Health: -1/35      AC:  2    Str: 20    XL:     3   Next: 89%
Magic:  4/4        EV: 14    Int:  9    God:    Trog [**....]
Gold:   39         SH:  0    Dex: 14    Spells: 4/4 levels left

rFire    . . .     SeeInvis .   a - +0 hand axe
rCold    . . .     Gourm    .   (no shield)
rNeg     . . .     Faith    .   b - +0 animal skin
rPois    .         Spirit   .   (no helmet)
rElec    .         Reflect  .   (no cloak)
rCorr    .         Harm     .   (no gloves)
MR       .....                  (no boots)
Stlth    ++........             (no amulet)
HPRegen  0.11/turn              (no ring)
MPRegen  0.09/turn              (no ring)

@: berserk cooldown, slowed, very slow
A: distributed training, fangs 1, strong nose
a: Berserk, Trog's Hand, Renounce Religion


You were on level 2 of the Dungeon.
You worshipped Trog.
Trog was pleased with you.
You were very hungry.

You visited 1 branch of the dungeon, and saw 2 of its levels.

You collected 39 gold pieces.

Inventory:

Hand Weapons
 a - a +0 hand axe (weapon)
Armour
 b - a +0 animal skin (worn)
Scrolls
 d - 2 scrolls of amnesia {unknown}
Potions
 e - a potion of mutation {unknown}
Comestibles
 c - 2 rations


   Skills:
 + Level 6.5 Fighting
 + Level 1.0 Short Blades
 + Level 1.0 Long Blades
 + Level 6.5 Axes
 + Level 1.0 Maces & Flails
 + Level 1.0 Polearms
 + Level 1.0 Staves
 + Level 1.0 Slings
 + Level 1.0 Bows
 + Level 1.0 Crossbows
 + Level 1.0 Throwing
 + Level 4.6 Armour
 + Level 4.6 Dodging
 + Level 1.0 Stealth
 + Level 1.0 Shields
 + Level 1.0 Unarmed Combat
 + Level 1.0 Spellcasting
 + Level 0.7 Conjurations
 + Level 0.7 Hexes
 + Level 0.7 Charms
 + Level 0.7 Summonings
 + Level 0.7 Necromancy
 + Level 0.7 Translocations
 + Level 0.7 Transmutations
 + Level 0.7 Fire Magic
 + Level 0.7 Ice Magic
 + Level 0.7 Air Magic
 + Level 0.7 Earth Magic
 + Level 0.7 Poison Magic
 + Level 1.0 Invocations
 + Level 1.0 Evocations


You had 4 spell levels left.
You didn't know any spells.
Your spell library was empty.

Dungeon Overview and Level Annotations

Branches:
Dungeon (2/15)

Altars:


Innate Abilities, Weirdness & Mutations

Your experience applies equally to all skills.
You have very sharp teeth.
Your uncanny sense of smell can sniff out nearby items.


Message History

The giant cockroach bites you.
* * * LOW HITPOINT WARNING * * *
The worm misses you. The giant cockroach closely misses you.
The giant cockroach closely misses you. The worm barely misses you.
The giant cockroach misses you. The giant cockroach bites you.
* * * LOW HITPOINT WARNING * * *
The worm barely misses you.
The giant cockroach bites you but does no damage.
The giant cockroach closely misses you. The worm misses you.
The giant cockroach barely misses you. The giant cockroach bites you.
* * * LOW HITPOINT WARNING * * *
The giant cockroach barely misses you. The worm misses you.
The giant cockroach misses you. The giant cockroach bites you.
* * * LOW HITPOINT WARNING * * *
The worm closely misses you.
The giant cockroach completely misses you.
The giant cockroach closely misses you. The worm bites you.
You die...

######## ... ..# #
#.# #.# ##.#s###.##
######
#...@.....###....###
#..#w#..............
∆ #. #.###..#......#
.. ..# #..##)†.###
## ........###.##
.........# #.#
##.######## #.# #.
##'## ##...##


You could see a worm and a giant cockroach.

Vanquished Creatures
  2 adders (D:2)
  An ooze (D:1)
  2 leopard geckos (D:1)
  2 giant cockroaches
  A goblin (D:2)
  4 hobgoblins (D:1)
  4 jackals (D:1)
  5 kobolds
  4 bats (D:1)
  A frilled lizard (D:1)
  2 rats (D:1)
28 creatures vanquished.

Notes
Turn   | Place    | Note
-------+----------+-------------------------------------------
     0 | D:1      | CedricTheThird the Gnoll Berserker began the quest for the
                  | Orb.
     0 | D:1      | Reached XP level 1. HP: 23/23 MP: 1/1
    55 | D:1      | Reached XP level 2. HP: 20/29 MP: 2/2
   193 | D:1      | Reached XP level 3. HP: 26/35 MP: 3/3
   201 | D:1      | Reached ** piety under Trog
   409 | D:2      | Reached skill level 1 in Invocations
   462 | D:2      | Reached skill level 1 in Short Blades
   462 | D:2      | Reached skill level 1 in Long Blades
   462 | D:2      | Reached skill level 1 in Maces & Flails
   462 | D:2      | Reached skill level 1 in Polearms
   462 | D:2      | Reached skill level 1 in Staves
   462 | D:2      | Reached skill level 1 in Slings
   462 | D:2      | Reached skill level 1 in Bows
   462 | D:2      | Reached skill level 1 in Crossbows
   462 | D:2      | Reached skill level 1 in Throwing
   462 | D:2      | Reached skill level 1 in Stealth
   462 | D:2      | Reached skill level 1 in Shields
   462 | D:2      | Reached skill level 1 in Unarmed Combat
   462 | D:2      | Reached skill level 1 in Spellcasting
   462 | D:2      | Reached skill level 1 in Evocations
   483 | D:2      | Slain by a worm

Skill      XL: |  1  2  3 |
---------------+----------+-----
Invocations    | 1 |  1.0
Short Blades   | 1 |  1.0
Long Blades    | 1 |  1.0
Maces & Flails | 1 |  1.0
Polearms       | 1 |  1.0
Staves         | 1 |  1.0
Slings         | 1 |  1.0
Bows           | 1 |  1.0
Crossbows      | 1 |  1.0
Throwing       | 1 |  1.0
Stealth        | 1 |  1.0
Shields        | 1 |  1.0
Unarmed Combat | 1 |  1.0
Spellcasting   | 1 |  1.0
Evocations     | 1 |  1.0
Fighting       | |  6.5
Axes           | |  6.5
Armour         | |  4.6
Dodging        | |  4.6
Conjurations   | |  0.7
Hexes          | |  0.7
Charms         | |  0.7
Summonings     | |  0.7
Necromancy     | |  0.7
Translocations | |  0.7
Transmutations | |  0.7
Fire Magic     | |  0.7
Ice Magic      | |  0.7
Air Magic      | |  0.7
Earth Magic    | |  0.7
Poison Magic   | |  0.7

Action                   || total
-------------------------++-------
Melee: Hand axe          ||    60
       Bite              ||     7
Invok: Berserk           ||     3
 Stab: Sleeping          ||     2
Armor: Animal skin       ||    24
Dodge: Dodged            ||    76
